Selects Airborne Battlegroup
Selects Heavy Machine Gun Paradrop
Heavy Machine Gun Paradrop
Construct Weapon Support Center
Heavy Machine Gun Paradrop
Heavy Machine Gun Paradrop
Selects Paratrooper Squad Paradrop
Paratrooper Squad Paradrop
Selects Smoke Bombing Run
M3 Armored Personnel Carrier
Paratrooper Squad Paradrop
M3 Armored Personnel Carrier
Paratrooper Squad Paradrop
Selects Anti-tank Gun Team Paradrop
Construct Medical Station
Paratrooper Squad Paradrop
Paratrooper Squad Paradrop
Selects Paradrop Reinforcements
Anti-tank Gun Team Paradrop